 Dungeon Crawl Stone Soup version 0.20.0-10-g0535bb4 (webtiles) character file.

102 asdasd2 the Chopper (level 4, -15/41 HPs)
             Began as a Minotaur Fighter on June 4, 2017.
             Demolished by an ogre
             ... wielding a +0 giant club
              (18 damage)
             ... on level 4 of the Dungeon.
             The game lasted 00:04:20 (1947 turns).

asdasd2 the Chopper (Minotaur Fighter)              Turns: 1947, Time: 00:04:21

Health: -15/41     AC:  7    Str: 22    XL:     4   Next: 50%
Magic:  3/3        EV:  7    Int:  5    God:
Gold:   163        SH:  9    Dex:  9    Spells: 3/3 levels left

rFire    . . .     SeeInvis .   p - +0 hand axe
rCold    . . .     Gourm    .   c - +0 shield
rNeg     + . .     Faith    .   b - +0 scale mail
rPois    .         Spirit   .   (helmet restricted)
rElec    .         Reflect  .   (no cloak)
rCorr    .         Harm     .   (no gloves)
MR       .....                  (no boots)
Stlth    ..........             (no amulet)
Regen    0.2/turn               t - ring of positive energy
MPRegen  0.1/turn               (no ring)

@: no status effects
A: retaliatory headbutt, horns 2
a: no special abilities


You were on level 4 of the Dungeon.
You were not hungry.

You visited 1 branch of the dungeon, and saw 4 of its levels.

You collected 163 gold pieces.

Inventory:

Hand Weapons
 a - a +1 war axe
 p - a +0 hand axe (weapon)
Armour
 b - a +0 scale mail (worn)
 c - a +0 shield (worn)
Jewellery
 t - a ring of positive energy (left hand)
Scrolls
 m - 2 scrolls of amnesia
 q - 2 scrolls of teleportation
 r - 2 scrolls of blinking
Potions
 d - a potion of might
 e - a potion of lignification {unknown}
 g - a potion of agility {unknown}
 h - a potion of invisibility {unknown}
 n - a potion of berserk rage
 o - a potion of haste
Comestibles
 f - 2 bread rations
 j - a royal jelly
 l - 5 fruits
 s - a meat ration


   Skills:
 + Level 4.4 Fighting
 * Level 4.6 Axes
 + Level 4.2 Armour
 + Level 0.7 Dodging
 - Level 3.6 Shields


You had 3 spell levels left.
You didn't know any spells.

Dungeon Overview and Level Annotations

Branches:
Dungeon (4/15)             Temple (0/1) D:4

Altars:
Fedhas
Ru


Innate Abilities, Weirdness & Mutations

You reflexively headbutt those who attack you in melee.
You have a pair of horns on your head.


Message History

The teleport trap disappears.
The worker ant disappears!
You are too injured to fight recklessly!
You are too injured to fight recklessly!
You are too injured to fight recklessly!
You hit the ogre.
The ogre is heavily wounded.
You hit the ogre but do no damage.
The ogre is heavily wounded.
The ogre closely misses you.
You feel much better. The ogre hits you with a giant club!
You hit the ogre but do no damage.
The ogre is moderately wounded.
The ogre hits you with a giant club!!
Ouch! That really hurt!
* * * LOW HITPOINT WARNING * * *
Your shield and scale mail prevent you from hitting the ogre.
You headbutt the ogre!
The ogre is severely wounded.
The ogre hits you with a giant club!!
You die...

#.##.# #.#8.8
#.8... #.8.>.
#.8...
#.#888#########
#..............
#O@<.$.)...
#.......(..
######..### .#
.# #


You could see an ogre.

Vanquished Creatures
  A bullfrog skeleton (D:3)
  2 adders (D:3)
  An ooze (D:3)
  A leopard gecko (D:2)
  6 bats
  A giant cockroach (D:2)
  6 goblins
  7 hobgoblins
  5 jackals
  10 kobolds
  2 ball pythons (D:1)
  3 frilled lizards
  7 rats
52 creatures vanquished.

Notes
Turn   | Place    | Note
-------+----------+-------------------------------------------
     0 | D:1      | asdasd2 the Minotaur Fighter began the quest for the Orb.
     0 | D:1      | Reached XP level 1. HP: 19/19 MP: 0/0
   283 | D:1      | Reached XP level 2. HP: 24/27 MP: 1/1
   843 | D:2      | Reached XP level 3. HP: 33/33 MP: 2/2
  1032 | D:2      | Found a sacrificial altar of Ru.
  1033 | D:2      | Found a blossoming altar of Fedhas.
  1391 | D:3      | Reached XP level 4. HP: 35/41 MP: 3/3
  1939 | D:4      | Found a staircase to the Ecumenical Temple.
  1939 | D:4      | Noticed an ogre
  1947 | D:4      | Demolished by an ogre

Skill      XL: |  1  2  3 |
---------------+----------+-----
Fighting       | 4 |  4.4
Axes           | 3 4 |  4.6
Armour         | 4 |  4.2
Dodging        | |  0.7
Shields        | |  3.6

Action                   |  1- 3 |  4- 6 || total
-------------------------+-------+-------++-------
Melee: War axe           |    56 |       ||    56
       Headbutt          |     5 |    10 ||    15
       Hand axe          |    27 |    43 ||    70
  Use: Scroll            |       |     9 ||     9
       Potion            |       |     1 ||     1
  Eat: Chunk             |     1 |     2 ||     3
Armor: Scale mail        |    48 |    18 ||    66
Dodge: Dodged            |    20 |    11 ||    31
Block: Shield            |    48 |    17 ||    65
